 Dungeon Crawl Stone Soup version 0.23.2-1-ga50397a (webtiles) character file.

Game seed: 7391907923142987290

124 HASTUR3 the Grave Robber (level 4, -2/32 HPs)
             Began as a Demonspawn Necromancer on May 23, 2019.
             Slain by a gnoll
             ... wielding a +0 spear
              (3 damage)
             ... on level 2 of the Dungeon.
             The game lasted 00:06:40 (1433 turns).

HASTUR3 the Grave Robber (Demonspawn Necromancer)   Turns: 1433, Time: 00:06:41

Health: -2/32      AC:  2    Str:  9    XL:     4   Next: 81%
Magic:  8/9        EV: 12    Int: 17    God:
Gold:   129        SH:  0    Dex: 13    Spells: 1/9 levels left

rFire    + . .     SeeInvis .   e - +0 whip (freeze)
rCold    x . .     Gourm    .   (no shield)
rNeg     . . .     Faith    .   a - +0 robe
rPois    .         Spirit   .   (no helmet)
rElec    .         Reflect  .   (no cloak)
rCorr    .         Harm     .   (no gloves)
MR       .....                  (no boots)
Stlth    ++........             (no amulet)
HPRegen  0.10/turn              l - ring of fire
MPRegen  0.11/turn              (no ring)

@: no status effects
A: powered by pain 1, spiny 1
a: no special abilities


You were on level 2 of the Dungeon.
You were not hungry.

You visited 1 branch of the dungeon, and saw 2 of its levels.

You collected 129 gold pieces.

Inventory:

Hand Weapons
 e - a +0 whip of freezing (weapon)
Armour
 a - a +0 robe (worn)
Jewellery
 l - a ring of fire (left hand)
Scrolls
 g - 6 scrolls of identify {unknown}
 i - 2 scrolls of teleportation {unknown}
 k - a scroll of magic mapping {unknown}
 m - a scroll of noise {unknown}
 n - a scroll of enchant weapon {unknown}
 p - a scroll of immolation {unknown}
 q - a scroll of enchant armour {unknown}
Potions
 b - a potion of heal wounds {unknown}
 f - a potion of agility {unknown}
 h - a potion of degeneration {unknown}
 j - 2 potions of flight {unknown}
 o - a potion of might {unknown}
Comestibles
 c - 5 rations
 d - 9 chunks of flesh


   Skills:
 - Level 1.0 Fighting
 - Level 1.0 Maces & Flails
 - Level 2.0 Dodging
 - Level 2.0 Stealth
 + Level 3.4 Spellcasting
 * Level 1.6 Charms
 + Level 4.6 Necromancy


You had one spell level left.
You knew the following spells:

 Your Spells              Type           Power        Failure   Level  Hunger
a - Pain                  Necr           ###.         2%          1    None
b - Animate Skeleton      Necr           N/A          2%          1    None
c - Vampiric Draining     Necr           ###.......   8%          3    ###....
d - Regeneration          Chrm/Necr      ##........   14%         3    ###....

Your spell library contained the following spells:

 Spells                   Type           Power        Failure   Level  Hunger
 Beastly Appendage        Tmut           #.....       17%         1    None
 Animate Dead             Necr           N/A          24%         4    ####...
 Sticks to Snakes         Tmut           #.......     26%         2    ##.....
 Spider Form              Tmut/Pois      #.........   45%         3    ###....
 Ice Form                 Ice/Tmut       #.......     86%         4    ####...
 Blade Hands              Tmut           #.........   99%         5    ######.


Dungeon Overview and Level Annotations

Branches:
Dungeon (2/15)

Altars:


Innate Abilities, Weirdness & Mutations

You sometimes gain a little power by taking damage.
You are partially covered in sharp spines.


Message History

The gnoll hits you from afar with a +0 halberd.
The gnoll barely misses you.
The gnoll hits you from afar with a +0 spear.
You closely miss the gnoll.
The gnoll is moderately wounded.
The gnoll closely misses you. The gnoll completely misses you.
Some of the chunks of flesh in your inventory have rotted away.
You hit the gnoll but do no damage.
The gnoll is moderately wounded.
The gnoll hits you but does no damage. The gnoll is struck by your spines.
The gnoll hits you with a +0 halberd.
You hit the gnoll. You freeze the gnoll.
The gnoll is almost dead.
The gnoll closely misses you.
You barely miss the gnoll.
The gnoll is almost dead.
The gnoll hits you with a +0 halberd!
* * * LOW HITPOINT WARNING * * *
The gnoll hits you from afar with a +0 spear.
You die...

#..# #.# ##.###Z#
########.....#
#..........###
#.##########
##.##
##Z..###########
##.#.#.......ZZZ#
#.##.##.#######@#
#.##...Z# #g#
#.#####.# #g#
##.###..# #g.
##ZZZ#.# #.#
#####.# #.# #.#
#.# #.. ..# ...


You could see 3 gnolls, a friendly frilled lizard skeleton and 2 friendly
hobgoblin skeletons.

Vanquished Creatures
  Natasha (twice) (D:2)
  3 adders (D:2)
  A gnoll (D:2)
  2 dart slugs
  A ball python (D:2)
  3 bats
  A giant cockroach (D:2)
  5 hobgoblins
  4 jackals (D:2)
  3 frilled lizards
  3 goblins
  2 kobolds
  6 rats
36 creatures vanquished.

Vanquished Creatures (collateral kills)
  A hobgoblin (D:2)
1 creature vanquished.

Grand Total: 37 creatures vanquished

Notes
Turn   | Place    | Note
-------+----------+-------------------------------------------
     0 | D:1      | HASTUR3 the Demonspawn Necromancer began the quest for the
                  | Orb.
     0 | D:1      | Reached XP level 1. HP: 13/13 MP: 3/3
    39 | D:1      | Learned a level 1 spell: Animate Skeleton
   255 | D:1      | Gained mutation: You are partially covered in sharp spines.
                  | [demonic ancestry]
   255 | D:1      | Reached XP level 2. HP: 11/19 MP: 0/5
   791 | D:2      | Noticed Natasha
   801 | D:2      | Gained mutation: You sometimes gain a little power by
                  | taking damage. [demonic ancestry]
   801 | D:2      | Reached XP level 3. HP: 18/25 MP: 5/7
   807 | D:2      | Killed Natasha
   807 | D:2      | Reached skill level 1 in Fighting
   807 | D:2      | Reached skill level 1 in Maces & Flails
   968 | D:2      | Learned a level 3 spell: Vampiric Draining
   972 | D:2      | Learned a level 3 spell: Regeneration
  1189 | D:2      | Reached XP level 4. HP: 31/32 MP: 8/8
  1250 | D:2      | Noticed Natasha
  1254 | D:2      | Killed Natasha
  1254 | D:2      | Reached skill level 1 in Charms
  1433 | D:2      | HP: 1/32 [gnoll/+0 halberd (15)]
  1433 | D:2      | Slain by a gnoll

Skill      XL: |  1  2  3  4 |
---------------+-------------+-----
Stealth        | 2 |  2.0
Dodging        | 2 |  2.0
Fighting       | 1 |  1.0
Maces & Flails | 1 |  1.0
Spellcasting   | 3 |  3.4
Charms         | 1 |  1.6
Necromancy     | |  4.6

Action                   |  1- 3 |  4- 6 || total
-------------------------+-------+-------++-------
Melee: Whip              |    35 |    28 ||    63
 Cast: Pain              |    18 |     7 ||    25
       Animate Skeleton  |     8 |     7 ||    15
  Eat: Chunk             |       |     2 ||     2
Armor: Robe              |     7 |     5 ||    12
Dodge: Dodged            |    18 |    16 ||    34
